 Dungeon Crawl Stone Soup version 0.27-a0-1049-g450f9b2e0d (webtiles) character file.

Game seed: 5202572101839245297

18 tilp the Sneak (level 2, 0/15 HPs)
             Began as a Vine Stalker Brigand on Apr 20, 2021.
             Succumbed to an adder's poison
             ... on level 2 of the Dungeon.
             The game lasted 00:01:22 (1080 turns).

tilp the Sneak (Vine Stalker Brigand)               Turns: 1080, Time: 00:01:23

Health: 0/15       AC:  6    Str: 13    XL:     2   Next: 66%
Magic:  3/3        EV: 10    Int: 11    God:
Gold:   18         SH:  0    Dex: 15    Spells: 1/1 levels left

rFire    . . .     SeeInvis .   a - +2 dagger
rCold    . . .     Faith    .   (no shield)
rNeg     . . .     Spirit   +   g - +0 ring mail
rPois    .         Reflect  .   (no helmet)
rElec    .         Harm     .   c - +0 cloak
rCorr    .         Rampage  .   (no gloves)
Will     .....                  (no boots)
Stlth    +.........             j - amulet of the acrobat
HPRegen  0.05/turn              (no ring)
MPRegen  0.08/turn              (no ring)

@: confused, lethally poisoned (0 -> -4), ambrosia-drunk
A: fangs 2, magic shield, antimagic bite, no potion heal 2
a: no special abilities


You were on level 2 of the Dungeon.
You visited 1 branch of the dungeon, and saw 2 of its levels.

You collected 18 gold pieces.

Inventory:

Hand Weapons
 a - a +2 dagger (weapon)
Missiles
 d - 6 poisoned darts (quivered)
 e - 2 curare-tipped darts {!f}
Armour
 c - a +0 cloak (worn)
 g - a +0 ring mail (worn)
Jewellery
 j - an amulet of the acrobat (around neck)
 k - a ring of ice
Scrolls
 b - a scroll of noise {unknown}
 f - a scroll of acquirement {unknown}
 i - a scroll of identify {unknown}


   Skills:
 - Level 1.7 Fighting
 + Level 2.9 Short Blades
 - Level 1.7 Throwing
 - Level 0.7 Dodging
 - Level 4.8 Stealth


You had one spell level left.
You didn't know any spells.
Your spell library was empty.

Dungeon Overview and Level Annotations

Branches:
Dungeon (2/15)

Altars:

Shops:
D:1 [


Innate Abilities, Weirdness & Mutations

You have extremely sharp teeth.
When hurt, damage is shared between your health and your magic reserves.
Your bite disrupts and absorbs the magic of your enemies.
Potions cannot restore your health.


Message History

The adder is heavily wounded.
The adder bites you but does no damage. x2
You closely miss the adder. Your bite misses the adder.
The adder is heavily wounded.
The adder bites you.
You are poisoned.
The adder poisons you!
You closely miss the adder. You bite the adder. You drain its power.
The adder is heavily wounded.
You feel sick.
The adder looks more healthy.
The adder bites you.
You are lethally poisoned!
The adder poisons you!
You are too injured to fight recklessly!
You are too injured to fight recklessly!
Unknown command.
You barely miss the adder. Your bite misses the adder.
The adder is severely wounded.
* * * LOW HITPOINT WARNING * * *
You feel sick. The adder bites you.
* * * LOW HITPOINT WARNING * * *
Unknown command.
You hit the adder. Your bite misses the adder.
The adder is almost dead.
* * * LOW HITPOINT WARNING * * *
You feel sick. The adder closely misses you.
Unknown command.
You hit the adder but do no damage. Your bite misses the adder.
The adder is almost dead.
* * * LOW HITPOINT WARNING * * *
You feel sick. The adder bites you but does no damage.
Unknown command.
It was a potion of ambrosia.
You are confused.
Your system rejects the healing.
You feel invigorated.
* * * LOW HITPOINT WARNING * * *
You feel sick. The adder barely misses you.
Unknown command.
You miss the adder. Your bite misses the adder.
The adder is almost dead.
You die...

#. .# . .#
.##.## .....
#...# ###
#...##
.....##.S.(#
#..?@#
###......(.#
......#....
.......... ##
..##.....##..
. #.....#
#... #.[....
... #?....#
##


You could see an adder.

Vanquished Creatures
  A dart slug (D:1)
  An orc (D:1)
  2 ball pythons (D:1)
  An endoplasm (D:1)
  A goblin (D:1)
  2 hobgoblins (D:1)
  2 jackals (D:1)
  A quokka (D:1)
  2 rats (D:1)
13 creatures vanquished.

Notes
Turn   | Place    | Note
-------+----------+-------------------------------------------
     0 | D:1      | tilp the Vine Stalker Brigand began the quest for the Orb.
     0 | D:1      | Reached XP level 1. HP: 11/11 MP: 2/2
   463 | D:1      | Reached XP level 2. HP: 15/15 MP: 3/3
   770 | D:1      | Found Rityrghed's Antique Armour Shop.
  1080 | D:2      | Succumbed to an adder's poison

Illustrated notes

Levels and vault maps discovered:
D:1:      co_arrival_square_in_a_square_in_a_square, layout_loops_corners,
          serial_shops, nicolae_shop_behind_doors
D:2:      layout_rooms, ebering_ecumenical_altar_webs, minmay_misc_feat_rugged,
          uniq_jessica, uniq_robin

Skill      XL: |  1 |
---------------+----+-----
Short Blades   | 2 |  2.9
Fighting       | |  1.7
Throwing       | |  1.7
Dodging        | |  0.7
Stealth        | |  4.8

Action                   || total
-------------------------++-------
Melee: Dagger            ||    35
       Bite              ||     7
Throw: Dart              ||     2
  Use: Potion            ||     1
 Stab: Sleeping          ||     6
Armor: Ring mail         ||     9
Dodge: Dodged            ||    11

Table legend: (Time is in decaauts)
 A = Elapsed time spent in this place.
 B = Non-inter-level travel time spent in this place.
 C = Inter-level travel time spent in this place.
 D = Time resting spent in this place.
 E = Time spent auto-exploring this place.
 F = Levels seen in this place.
 G = Mean time per level.
                   A        B        C        D        E       F      G
               +--------+--------+--------+--------+--------+-----+--------+
         Total |   1076 |    971 |    105 |      0 |    861 |   2 |  538.0 |
       Dungeon |   1076 |    971 |    105 |      0 |    861 |   2 |  538.0 |
               +--------+--------+--------+--------+--------+-----+--------+

Top non-repeatable levels by time:
     D:1: 1063 daAuts
     D:2: 13 daAuts
